 Dungeon Crawl Stone Soup version 0.26-a0-651-gb41185065b (webtiles) character file.

Game seed: 10073866742550645899

171 muata the Conjurer (level 5, 45/45 HPs)
             Began as a Draconian Conjurer on Sept 28, 2020.
             Quit the game on level 3 of the Dungeon on Sept 29, 2020.
             The game lasted 00:10:48 (2863 turns).

muata the Conjurer (Draconian Conjurer)             Turns: 2863, Time: 00:10:49

Health: 45/45      AC:  5    Str:  9    XL:     5   Next: 26%
Magic:  10/10      EV: 12    Int: 20    God:
Gold:   80         SH:  0    Dex:  9    Spells: 7/10 levels left

rFire    . . .     SeeInvis .   c - +0 dagger (protect)
rCold    . . .     Faith    .   (no shield)
rNeg     . . .     Spirit   .   (armour unavailable)
rPois    .         Reflect  .   (helmet restricted)
rElec    .         Harm     .   (no cloak)
rCorr    .         Rampage  .   (no gloves)
MR       .....                  (no boots)
Stlth    ++........             (no amulet)
HPRegen  0.15/turn              (no ring)
MPRegen  0.12/turn              (no ring)

@: no status effects
A: unfitting armour, cold-blooded, AC +5
a: no special abilities


You were on level 3 of the Dungeon.
You visited 1 branch of the dungeon, and saw 3 of its levels.

You collected 80 gold pieces.

Inventory:

Hand Weapons
 c - a +0 dagger of protection (weapon)
Missiles
 i - 12 poisoned darts (quivered)
Jewellery
 d - an uncursed ring of ice {unknown}
 h - an uncursed amulet of magic regeneration {unknown}
 m - an uncursed ring of poison resistance {unknown}
Scrolls
 b - 3 scrolls of teleportation {unknown}
 g - 4 scrolls of identify {unknown}
 j - a scroll of immolation {unknown}
 k - a scroll of fear {unknown}
Potions
 a - a potion of brilliance {unknown}
 e - 2 potions of flight {unknown}
 f - 2 potions of mutation {unknown}
 l - a potion of might {unknown}


   Skills:
 + Level 3.0 Fighting
 - Level 1.7 Dodging
 - Level 1.7 Stealth
 + Level 3.3 Spellcasting
 + Level 5.0 Conjurations


You had 7 spell levels left.
You knew the following spells:

 Your Spells              Type           Power        Failure   Level
a - Magic Dart            Conj           ###.         1%          1
b - Searing Ray           Conj           ###...       2%          2

Your spell library contained the following spells:

 Spells                   Type           Power        Failure   Level
 Dazzling Flash           Conj/Hex       ##....       14%         3
 Fulminant Prism          Conj/Hex       ##........   43%         4
 Iskenderun's Mystic Bla  Conj/Tloc      ##......     43%         4


Dungeon Overview and Level Annotations

Branches:
Dungeon (3/15)

Altars:
Ashenzari


Innate Abilities, Weirdness & Mutations

Your plain brown scales are hard. (AC +5)
You cannot fit into any form of body armour.
You are cold-blooded and may be slowed by cold attacks.


Message History

Aim: a quokka (moderately wounded)
You miscast Magic Dart.
You are very lightly contaminated with residual magic.
Nothing appears to happen.
The quokka closely misses you.
Casting: Magic Dart (safe; 1% risk of failure)
Confirm with . or Enter, or press ? or * to list all spells.
Aiming: Magic Dart (safe; 1% risk of failure)
Press: ? - help, Shift-Dir - straight line, f/p - quokka
Aim: a quokka (moderately wounded)
The magic dart hits the quokka.
You kill the quokka!
Your Fighting skill increases to level 3!
g - 4 scrolls labeled LOOFROE KUTULO (gained 1)
Your magical contamination has completely faded away.
Found a robe.
Found 9 gold pieces.
You now have 80 gold pieces (gained 9).
Welcome back, muata the Draconian Conjurer.
Press ? for a list of commands and other information.
Are you sure you want to abandon this character and quit the game? (Confirm with "yes".)

##########
#.........
#......... #.@# #..#
###### ######..###
...... ........[.+
#########..####..###
... ....>......#
##.#
#....####..###.###
... #.....#
##........ .#
#...#.# #.####.##


There were no monsters in sight!

Vanquished Creatures
  An orc wizard (D:3)
  Jessica (D:2)
  5 adders
  A worm (D:2)
  2 dart slugs (D:1)
  4 leopard geckos
  2 orcs (D:3)
  6 bats
  A bat zombie (D:2)
  2 giant cockroaches (D:1)
  9 goblins
  5 hobgoblins
  3 jackals
  5 kobolds
  A quokka (D:3)
  2 frilled lizards (D:2)
  8 rats
58 creatures vanquished.

Notes
Turn   | Place    | Note
-------+----------+-------------------------------------------
     0 | D:1      | muata the Draconian Conjurer began the quest for the Orb.
     0 | D:1      | Reached XP level 1. HP: 14/14 MP: 3/3
   200 | D:1      | Found a broken altar of Ashenzari.
   267 | D:1      | Reached XP level 2. HP: 21/22 MP: 0/5
   347 | D:1      | Reached skill level 1 in Fighting
  1046 | D:1      | Reached XP level 3. HP: 28/28 MP: 3/6
  1051 | D:1      | Learned a level 2 spell: Searing Ray
  1422 | D:2      | Noticed Jessica
  1425 | D:2      | Killed Jessica
  1608 | D:2      | Reached XP level 4. HP: 36/36 MP: 3/8
  2394 | D:2      | Found a faded altar of an unknown god.
  2633 | D:3      | Reached XP level 5. HP: 42/42 MP: 6/9
  2759 | D:3      | Reached skill level 5 in Conjurations
  2863 | D:3      | Quit the game

Illustrated notes

Levels and vault maps discovered:
D:1:      roderic_chinese_lattice_arrival, layout_loops_ring,
          nicolae_ashenzari_panopticon
D:2:      minmay_alternating_diamond, layout_basic,
          chequers_ecumenical_altar_simple, uniq_jessica
D:3:      layout_basic, dancing_weapons_uskayaw, lemuel_doored_altar,
          nemelex_spade_bored_becter

Skill      XL: |  1  2  3  4  5 |
---------------+----------------+-----
Fighting       | 1 2 3 |  3.0
Spellcasting   | 3 |  3.3
Conjurations   | 5 |  5.0
Dodging        | |  1.7
Stealth        | |  1.7

Action                   |  1- 3 |  4- 6 || total
-------------------------+-------+-------++-------
Melee: Unarmed           |    20 |       ||    20
       Dagger            |    38 |    21 ||    59
       Tailslap          |     3 |     1 ||     4
 Cast: Magic Dart        |    61 |    61 ||   122
Armor: Skin              |    26 |     6 ||    32
Dodge: Dodged            |    37 |    21 ||    58

Table legend: (Time is in decaauts)
 A = Elapsed time spent in this place.
 B = Non-inter-level travel time spent in this place.
 C = Inter-level travel time spent in this place.
 D = Time resting spent in this place.
 E = Time spent auto-exploring this place.
 F = Levels seen in this place.
 G = Mean time per level.
                   A        B        C        D        E       F      G
               +--------+--------+--------+--------+--------+-----+--------+
         Total |   2862 |   2774 |     88 |    216 |   2115 |   3 |  954.0 |
       Dungeon |   2862 |   2774 |     88 |    216 |   2115 |   3 |  954.0 |
               +--------+--------+--------+--------+--------+-----+--------+

Top non-repeatable levels by time:
     D:1: 1352 daAuts
     D:2: 1169 daAuts
     D:3: 339 daAuts
